Map: LotV Custom - Nimbus LE - Archon Mode

Players

Cobra

  • Race: Zerg Zerg
  • League: Platinum
  • Spawn Location: 5:00

Hindulaatti - Winner!

  • Race: Terran Terran
  • League: Platinum
  • Spawn Location: 11:00

visagalis - Winner!

  • Race: Protoss Protoss

Ludde

  • Race: Protoss Protoss

NoobWaffles

  • Race: Terran Terran

VOD

Have the link to the VOD?

Description

Time

  • Played on: March 22, 2015, 11:36 a.m.
  • Length: 11:50
Show
View Real Time Build Order
Export as new Build Order

Cobra Zerg 

Build Orders:  

Get SALT Encoding   

  12  0:00  Probe  
  13  0:12  Probe  
  14  0:24  Pylon  
  12  0:38  Probe  
  13  0:50  Probe  
  13  0:54  Gateway  
  14  1:07  Probe  
  15  1:16  Probe  
  16  1:33  Gateway  
  16  1:34  Gateway  
  16  1:36  Pylon  
  16  1:49  Assimilator  
  16  2:08  Nexus  
  16  2:15  Zealot  
  18  2:23  Cybernetics Core  
  18  2:24  Probe  
  19  2:44  Zealot x2  
  23  3:05  Pylon  
  22  3:18  Stalker x2  
  26  3:47  Warp Gate  
  25  4:14  Zealot x3  
  31  4:18  Probe  
  31  4:24  Probe  
  32  4:31  Probe  
  34  4:32  Probe  
  34  4:43  Probe  
  34  4:44  Probe  
  36  4:55  Probe  
  36  4:56  Probe  
  38  5:08  Probe  
  39  5:27  Zealot x2  
  37  6:12  Pylon  
  37  6:14  Pylon  
  37  6:39  Zealot x3  
  43  6:50  Forge  
  43  7:03  Zealot x3  
  45  7:37  Zealot x3  
  47  7:43  Photon Cannon  
  51  7:48  Photon Cannon  
  23  8:07  Sentry x3  
  29  8:24  Photon Cannon  
  29  8:39  Photon Cannon  
  29  8:42  Zealot x3  
  30  9:42  Zealot x3  
  30  10:15  Zealot x3  
  36  10:37  Zealot x3  
  40  11:02  Zealot x2  
  33  11:09  Zealot  
Show
View Real Time Build Order
Export as new Build Order

Hindulaatti Terran - Winner!

Build Orders: Reaper Expand 

Get SALT Encoding   

  12  0:01  SCV  
  13  0:14  Supply Depot  
  13  0:18  SCV  
  14  0:30  SCV  
  15  0:40  Barracks  
  15  0:42  SCV  
  16  0:54  SCV  
  17  0:59  Refinery  
  17  1:06  SCV  
  19  1:29  Command Center  
  18  1:34  Orbital Command  
  18  1:42  Reaper  
  19  1:57  Supply Depot  
  19  1:59  SCV  
  20  2:13  SCV  
  20  2:14  Marine  
  22  2:20  Supply Depot  
  22  2:23  Factory  
  22  2:25  SCV  
  23  2:34  Marine  
  24  2:40  SCV  
  25  2:49  Command Center  
  25  2:53  Orbital Command  
  25  2:57  SCV  
  26  3:08  Factory Tech Lab  
  26  3:09  SCV  
  26  3:11  Barracks  
  27  3:18  Barracks Tech Lab  
  27  3:21  SCV x2  
  27  3:24  Refinery  
  29  3:33  SCV  
  30  3:34  Siege Tank  
  30  3:36  SCV  
  30  3:38  Refinery  
  34  3:45  Marine, SCV  
  36  3:51  SCV  
  37  3:57  SCV  
  37  4:00  Barracks Reactor  
  38  4:09  Marauder  
  40  4:13  Command Center  
  40  4:17  Engineering Bay  
  40  4:18  SCV x2  
  40  4:19  Barracks  
  42  4:27  Cyclone  
  45  4:37  Orbital Command  
  45  4:41  Marine x2  
  45  4:43  Terran Infantry Weapons Level 1  
  47  4:51  SCV x2  
  49  4:53  Refinery  
  49  4:54  Supply Depot  
  49  5:03  Marine x2, Siege Tank, SCV x2  
  56  5:10  Stimpack  
  56  5:16  Refinery  
  56  5:18  Refinery  
  56  5:19  Supply Depot  
  56  5:28  SCV x2  
  57  5:29  SCV  
  57  5:35  Marine x2  
  60  5:36  Marauder  
  60  5:38  Orbital Command, Barracks Reactor  
  62  5:48  Starport  
  62  5:53  Marine x2, SCV x3  
  67  5:57  Supply Depot  
  67  6:01  Command Center  
  67  6:05  SCV x3  
  67  6:09  Widow Mine  
  72  6:17  Marauder, Marine x3, SCV x3  
  72  6:18  Marine  
  81  6:27  Orbital Command  
  81  6:29  SCV x3  
  84  6:34  Starport Reactor  
  84  6:35  Marine  
  85  6:43  Siege Tank  
  85  6:44  Marine  
  85  6:45  Marauder, Marine x2  
  93  6:49  SCV x3  
  93  6:50  Barracks  
  93  6:51  Barracks  
  93  6:53  Marine, Barracks  
  97  6:54  Terran Infantry Armor Level 1  
  97  7:00  Armory  
  97  7:02  Marine  
  97  7:03  SCV x3  
  97  7:06  Marauder  
  103  7:18  Marine x3  
  103  7:19  Medivac  
  103  7:20  Medivac, Marine  
  111  7:23  Supply Depot  
  111  7:25  Supply Depot  
  111  7:27  Marine  
  111  7:28  Supply Depot  
  112  7:32  Orbital Command  
  112  7:37  Supply Depot  
  112  7:49  Marauder, Barracks Tech Lab  
  112  7:50  Barracks Tech Lab, Barracks Reactor  
  114  7:54  Refinery  
  114  7:56  Refinery  
  114  7:58  Terran Vehicle and Ship Weapons Level 1  
  114  8:01  Marine x4  
  114  8:04  Thor  
  124  8:05  Medivac x2  
  124  8:10  Marauder  
  130  8:19  Marine x3  
  133  8:32  Marauder  
  135  8:34  Unknown  
  135  8:37  SCV x4  
  135  8:40  Orbital Command  
  139  8:45  Sensor Tower  
  139  8:47  Cyclone  
  142  8:49  SCV  
  142  8:53  Marauder  
  144  8:57  Sensor Tower  
  144  9:01  Medivac x2  
  148  9:19  Cyclone  
  148  9:21  Terran Infantry Weapons Level 2  
  151  9:35  Medivac x2  
  155  9:59  Cyclone, Marine x7  
  169  10:00  Marauder x2  
  169  10:03  Supply Depot x2  
  169  10:06  Supply Depot  
  169  10:08  Medivac x2  
  173  10:17  Marine x5  
  173  10:20  Marine  
  179  10:24  Marine  
  179  10:25  Marauder x2  
  184  10:34  Marine x3  
  184  10:35  Marine x2  
  189  10:38  Marine  
  189  10:39  Cyclone  
  189  10:41  Medivac x2  
  189  10:42  Marine  
  198  10:44  Concussive Shells  
  198  10:46  Marine x2  
  200  10:53  Refinery  
  200  10:55  Refinery  
Show
View Real Time Build Order
Export as new Build Order

visagalis Protoss - Winner!

Build Orders:  

Get SALT Encoding   

Show
View Real Time Build Order
Export as new Build Order

Ludde Protoss 

Build Orders:  

Get SALT Encoding   

Show
View Real Time Build Order
Export as new Build Order

NoobWaffles Terran 

Build Orders:  

Get SALT Encoding   

Tags
 
Add a new tag
Caveats
  • Supply blocks, unpowered buildings, or Contaminate may cause inaccurate times.
  • Supply counts are checked every 10 seconds.